 Dungeon Crawl Stone Soup version 0.28.0 (webtiles) character file.

Game seed: 16382797866251481705

87 HallandMoats the Skirmisher (level 4, -2/37 HPs)
             Began as a Demonspawn Fighter on Feb 8, 2022.
             Was a Priest of Jiyva.
             Slain by a gnoll shaman (6 damage)
             ... on level 3 of the Dungeon.
             The game lasted 00:01:45 (1735 turns).

HallandMoats the Skirmisher (Demonspawn Fighter)    Turns: 1735, Time: 00:01:47

Health: -2/37      AC:  5    Str: 17    XL:     4   Next: 28%
Magic:  5/5        EV: 10    Int:  9    God:    Jiyva [***...]
Gold:   9          SH:  5    Dex: 14    Spells: 3/3 levels left

rFire   . . .      SeeInvis +   a - +0 war axe
rCold   . . .      Faith    .   c - +0 buckler
rNeg    . . .      Spirit   .   h - +0 ring mail {Will+}
rPois   .          Reflect  .   (helmet unavailable)
rElec   .          Harm     .   (no cloak)
rCorr   +          Rampage  .   (no gloves)
Will    +....                   (no boots)
Stlth   +.........              (no amulet)
HPRegen 1.24/turn               (no ring)
MPRegen 0.44/turn               (no ring)

@: no status effects
A: hooves 1, demonic touch 1, antennae 3, engulf
a: Renounce Religion, Oozemancy


You were on level 3 of the Dungeon.
You worshipped Jiyva.
Jiyva was most pleased with you.
You visited 1 branch of the dungeon, and saw 3 of its levels.

You collected 9 gold pieces.

Inventory:

Hand Weapons
 a - a +0 war axe (weapon)
Armour
 c - a +0 buckler (worn)
 h - a +0 ring mail of willpower (worn)
Jewellery
 b - a ring of willpower
Scrolls
 g - a scroll of teleportation {unknown}
 i - a scroll of noise {unknown}
Potions
 d - 2 potions of might
 e - a potion of brilliance {unknown}
 f - a potion of lignification {unknown}


   Skills:
 * Level 3.7 Fighting
 * Level 2.6 Axes
 + Level 2.9 Armour
 + Level 1.0 Dodging
 + Level 2.9 Shields
 + Level 1.4 Invocations


You had 3 spell levels left.
You didn't know any spells.
Your spell library contained the following spells:

 Spells                   Type           Power      Damage    Failure   Level
 Dazzling Flash           Conj/Hex       0%         N/A       96%         3
 Iskenderun's Mystic Bla  Conj/Tloc      0%         2d3       100%        4
 Alistair's Intoxication  Tmut/Pois      0%         N/A       100%        5
 Borgnjor's Vile Clutch   Necr/Erth      0%         N/A       100%        5
 Eringya's Noxious Bog    Tmut/Pois      0%         N/A       100%        6
 Starburst                Conj/Fire      0%         6d3       100%        6


Dungeon Overview and Level Annotations

Branches:
Dungeon (3/15)

Altars:
Jiyva

Annotations:
D:3 2 runed translucent doors


Innate Abilities, Weirdness & Mutations

You have large cloven feet.
Your touch may inflict minor irresistible damage on your foes.
You have a pair of large antennae on your head. (SInv)
Your melee attacks may engulf your foes in ooze.


Message History

The gnoll shaman is severely wounded.
You block the gnoll shaman's attack.
You hit the gnoll shaman.
The gnoll shaman is severely wounded.
The gnoll shaman hits you with a +0 club.
The gnoll shaman hits you with a +0 club!
* * * LOW HITPOINT WARNING * * *
You barely miss the gnoll shaman.
The gnoll shaman is severely wounded.
The gnoll shaman hits you with a +0 club!
* * * LOW HITPOINT WARNING * * *
Unknown command.
The gnoll shaman mumbles some strange prayers to its god.
The gnoll shaman is healed somewhat.
An adder comes into view.
The adder hisses angrily.
You hear a distant slurping noise.
You miss the adder.
The adder bites you but does no damage. x2
You hear a distant slurping noise.
You miss the adder. Your kick misses the adder.
You hit the gnoll shaman but do no damage.
You block the adder's attack.
The gnoll shaman hits you with a +0 club.
* * * LOW HITPOINT WARNING * * *
The adder barely misses you.
You barely miss the gnoll shaman.
You kick the gnoll shaman, but do no damage.
The gnoll shaman is moderately wounded.
You hit the adder. The adder bites you.
* * * LOW HITPOINT WARNING * * *
The gnoll shaman hits you with a +0 club.
* * * LOW HITPOINT WARNING * * *
The adder barely misses you.
You miss the adder.
The adder is heavily wounded.
You closely miss the gnoll shaman. The gnoll shaman closely misses you.
You hear a distant slurping noise.
You block the adder's attack.
The gnoll shaman hits you with a +0 club.
You die...

#..#.........#
#..#.........#
..............##
............)..#
.......##...<...#
.....####.......#
. ..... #.......#
..# .....
#......####....#
..
.........g@S.....#
##############...#
#


You could see a gnoll shaman and an adder.

Vanquished Creatures
  5 gnolls (D:3)
  A worm (D:2)
  2 dart slugs
  2 bats
  2 giant cockroaches (D:1)
  2 goblins (D:1)
  6 hobgoblins
  6 kobolds
  2 quokkas
  2 ball pythons
  4 rats
34 creatures vanquished.

Vanquished Creatures (others)
  3 endoplasms
  A giant cockroach (D:1)
  2 goblins
  3 hobgoblins
  A quokka (D:1)
  2 bats
  3 kobolds
  A rat (D:2)
  5 fungi (D:1)
  6 plants (D:1)
27 creatures vanquished.

Grand Total: 61 creatures vanquished

Notes
Turn   | Place    | Note
-------+----------+-------------------------------------------
     0 | D:1      | HallandMoats the Demonspawn Fighter began the quest for the
                  | Orb.
     0 | D:1      | Reached XP level 1. HP: 18/18 MP: 1/1
    58 | D:1      | Found a faded altar of an unknown god.
    84 | D:1      | Prayed at the altar of an unknown god.
    84 | D:1      | Became a worshipper of Jiyva Justu the Shapeless
    84 | D:1      | Reached * piety under Jiyva
   153 | D:1      | Discovered your monstrous ancestry.
   153 | D:1      | Gained mutation: Your touch may inflict minor irresistible
                  | damage on your foes. [demonic ancestry]
   153 | D:1      | Reached XP level 2. HP: 22/24 MP: 2/2
   555 | D:1      | Reached ** piety under Jiyva
  1043 | D:2      | Reached skill level 1 in Invocations
  1072 | D:2      | Reached XP level 3. HP: 21/29 MP: 3/3
  1232 | D:2      | Reached *** piety under Jiyva
  1358 | D:2      | Gained mutation: Your melee attacks may engulf your foes in
                  | ooze. [Jiyva's grace]
  1358 | D:2      | Gained mutation: You have a pair of small antennae on your
                  | head. [Jiyva's grace]
  1358 | D:2      | Gained mutation: You have a pair of antennae on your head.
                  | [Jiyva's grace]
  1358 | D:2      | Gained mutation: You have a pair of large antennae on your
                  | head. (SInv) [Jiyva's grace]
  1702 | D:3      | Found a large runed translucent door.
  1707 | D:3      | Found a large runed translucent door.
  1718 | D:3      | Gained mutation: You have large cloven feet. [demonic
                  | ancestry]
  1718 | D:3      | Reached XP level 4. HP: 35/36 MP: 5/5
  1719 | D:3      | Reached skill level 1 in Dodging
  1735 | D:3      | Slain by a gnoll shaman

Illustrated notes

Levels and vault maps discovered:
D:1:      dpeg_arrival_brainrot, layout_basic,
          shapermc_ecumenical_altar_mp_urbaneastern, minmay_unequal
D:2:      layout_basic, st_stairs_11, minmay_misc_feat_columns
D:3:      layout_basic, jmf_multi_god_temple2,
          nemelex_xobeh_ov_fountains_minmay, due_unseen_surprise, uniq_ijyb

Skill      XL: |  1  2  3  4 |
---------------+-------------+-----
Axes           | 2 |  2.6
Invocations    | 1 |  1.4
Dodging        | 1 |  1.0
Fighting       | |  3.7
Armour         | |  2.9
Shields        | |  2.9

Action                   |  1- 3 |  4- 6 || total
-------------------------+-------+-------++-------
Melee: War axe           |    74 |    13 ||    87
       Kick              |       |     2 ||     2
Armor: Scale mail        |    31 |       ||    31
       Ring mail         |     4 |     2 ||     6
Dodge: Dodged            |    37 |     7 ||    44
Block: Buckler           |    17 |     3 ||    20
